 Dungeon Crawl Stone Soup version 0.17-b1-33-gd9cf236 (webtiles) character file.

208 RKaid the Skirmisher (level 5, -1/34 HPs)
             Began as a Gargoyle Berserker on Nov 6, 2015.
             Was a Priest of Trog.
             Slain by a black bear (3 damage)
             ... on level 6 of the Dungeon.
             The game lasted 00:03:39 (1781 turns).

RKaid the Skirmisher (Gargoyle Berserker)           Turns: 1781, Time: 00:03:39

Health: -1/34      AC:  6    Str: 21    XL:     5   Next: 86%
Magic:  5/5        EV: 12    Int:  8    God:    Trog [***...]
Gold:   198        SH:  0    Dex:  9    Spells: 0 memorised, 4 levels left

rFire  . . .     SeeInvis .     f - +2 whip (drain)
rCold  . . .     Clarity  .     b - +0 animal skin
rNeg   + . .     SustAt   .     (no shield)
rPois  ∞         Gourm    .     (no helmet)
rElec  +         Spirit   .     (no cloak)
rCorr  .         Warding  .     (no gloves)
rMut   .         Stasis   .     (no boots)
MR     .....                    (no amulet)
Stlth  +.........               (no ring)
                                (no ring)

@: not resistant to hostile enchantments, very unstealthy
A: negative energy resistance 1, electricity resistance, unbreathing,
petrification resistance, rot immunity, AC +4
a: Berserk, Trog's Hand, Burn Spellbooks, Renounce Religion


You were on level 6 of the Dungeon.
You worshipped Trog.
Trog was most pleased with you.
You were not hungry.

You visited 1 branch of the dungeon, and saw 6 of its levels.

You collected 198 gold pieces.

Inventory:

Hand Weapons
 a - a +0 mace
 f - a +2 whip of draining (weapon)
Armour
 b - a +0 animal skin (worn)
Jewellery
 o - an uncursed ring of flight {unknown}
Scrolls
 d - 3 scrolls of fear {unknown}
 g - a scroll of enchant armour {unknown}
 i - a scroll of random uselessness {unknown}
 k - a scroll of remove curse {unknown}
 l - 2 scrolls of enchant weapon {unknown}
 m - 2 scrolls of identify {unknown}
Potions
 e - 2 potions of cancellation {unknown}
 j - a potion of magic {unknown}
 n - 2 potions of poison {unknown}
Comestibles
 h - 3 meat rations


   Skills:
 + Level 4.6 Fighting
 + Level 4.2 Maces & Flails
 + Level 2.3 Armour
 + Level 3.2 Dodging
 + Level 0.5 Stealth


You had 4 spell levels left.
You didn't know any spells.

Dungeon Overview and Level Annotations

Branches:
Dungeon (6/15)
 Temple: D:4-7

Altars:
Nemelex Xobeh
Qazlal


Innate Abilities, Weirdness & Mutations

You are resistant to torment.
Your stone body is resilient (AC +4).
You are immune to poison.
You resist negative energy.
You are resistant to electric shocks.
You can survive without breathing.
You are immune to petrification.
You are immune to rotting.


Message History

The adder skeleton bites you but does no damage.
The black bear bites you but does no damage.
The black bear misses you.
The black bear claws you but does no damage.
An ice beast comes into view.
You hit the black bear.
The black bear is heavily wounded.
The adder skeleton closely misses you.
You closely miss the black bear.
The black bear is heavily wounded.
The black bear bites you.
* * * LOW HITPOINT WARNING * * *
The black bear closely misses you. The black bear misses you.
The adder skeleton closely misses you.
A gargoyle comes into view. It is wielding a mace.
You hit the black bear.
The black bear is severely wounded.
The black bear barely misses you. The black bear closely misses you.
The black bear claws you.
You die...

#........ .
#........ ..##
#.%......
#...######<.......
..................
..................
..$.#..†..#......
## #.###.#.###..
#@Z...#.. .
#..)Zh#..!..#
#.###h#!###.# # Y#
.9 ###


You could see a black bear, a gargoyle, an ice beast, a hound, an adder skeleton
and a hound skeleton.

Vanquished Creatures
  A giant frog zombie (D:6)
  An orc priest (D:3)
  An iguana (D:5)
  5 adders
  A shadow imp (D:5)
  An ooze (D:2)
  2 worms (D:2)
  A giant gecko (D:2)
  3 orcs (D:3)
  4 ball pythons
  5 giant cockroaches
  A hobgoblin (D:1)
  9 jackals
  5 kobolds
  6 bats
  3 giant newts
  7 goblins
  A quokka zombie (D:6)
  5 rats
62 creatures vanquished.

Notes
Turn   | Place    | Note
--------------------------------------------------------------
     0 | D:1      | RKaid the Gargoyle Berserker began the quest for the Orb.
     0 | D:1      | Reached XP level 1. HP: 14/14 MP: 1/1
   123 | D:1      | Reached XP level 2. HP: 16/19 MP: 2/2
   453 | D:1      | Reached ** piety under Trog
   659 | D:2      | Reached XP level 3. HP: 24/24 MP: 3/3
   671 | D:2      | Reached skill level 4 in Fighting
   718 | D:2      | Reached XP level 4. HP: 16/29 MP: 4/4
  1062 | D:2      | Noticed an air elemental
  1063 | D:2      | Found a stormy altar of Qazlal.
  1064 | D:2      | Noticed a fire elemental
  1065 | D:2      | Noticed an earth elemental
  1065 | D:2      | Noticed a water elemental
  1474 | D:3      | Reached XP level 5. HP: 21/34 MP: 5/5
  1542 | D:3      | Found a sparkling altar of Nemelex Xobeh.
  1682 | D:5      | Entered Level 5 of the Dungeon
  1689 | D:5      | Reached *** piety under Trog
  1775 | D:6      | Noticed a black bear
  1779 | D:6      | Noticed an ice beast
  1781 | D:6      | Noticed a gargoyle
  1781 | D:6      | Slain by a black bear

Action                   |  1- 3 |  4- 6 || total
-------------------------+-------+-------++-------
Melee: Mace              |    71 |       ||    71
       Whip              |    36 |   120 ||   156
  Eat: Bread ration      |       |     1 ||     1
